 Dungeon Crawl Stone Soup version 0.23-a0-29-g1be82e5 (webtiles) character file.

8411 AllHailThrall the Cleaver (level 11, -5/101 HPs)
             Began as a Hill Orc Fighter on Aug 3, 2018.
             Was an Initiate of Beogh.
             Slain by a polar bear (17 damage)
             ... on level 1 of the Lair of Beasts.
             The game lasted 00:26:06 (14187 turns).

AllHailThrall the Cleaver (Hill Orc Fighter)       Turns: 14187, Time: 00:26:07

Health: -5/101     AC: 14    Str: 26    XL:     11   Next: 30%
Magic:  11/11      EV:  7    Int:  8    God:    Beogh [......]
Gold:   407        SH: 20    Dex: 10    Spells: 10/10 levels left

rFire    + . .     SeeInvis .   a - +0 war axe
rCold    . . .     Gourm    .   N - +2 large shield
rNeg     . . .     Faith    +   h - +4 ring mail of Absence {Regen+}
rPois    .         Spirit   .   H - +2 hat
rElec    .         Reflect  .   (no cloak)
rCorr    .         Harm     .   (no gloves)
MR       .....                  B - +0 pair of boots
Stlth    ..........             y - amulet of faith
HPRegen  0.66/turn              f - ring of protection from fire
MPRegen  0.12/turn              s - +3 ring of strength

@: no status effects
A: no striking features
a: Renounce Religion


You were on level 1 of the Lair of Beasts.
You worshipped Beogh.
Beogh was noncommittal.
You were not hungry.

You visited 2 branches of the dungeon, and saw 10 of its levels.
You also visited: Ice Cave.

You collected 1047 gold pieces.
You spent 640 gold pieces at shops.

Inventory:

Hand Weapons
 a - a +0 war axe (weapon)
Missiles
 v - 274 stones
 I - 3 javelins (quivered)
Armour
 h - the +4 ring mail of Absence (worn) {Regen+}
   (You found it on level 5 of the Dungeon)

   It increases your rate of regeneration.
 B - a +0 pair of boots (worn)
 H - a +2 hat (worn)
 N - a +2 large shield (worn)
Jewellery
 f - a ring of protection from fire (left hand)
 m - an uncursed amulet of the gourmand
 s - a +3 ring of strength (right hand)
 y - an amulet of faith (around neck)
Wands
 u - a wand of flame (26)
 w - a wand of paralysis (19)
 G - a wand of iceblast (3)
Scrolls
 g - a scroll of enchant armour {unknown}
 i - 2 scrolls of fog
 j - a scroll of fear
 k - 4 scrolls of remove curse
 q - 3 scrolls of teleportation
 t - a scroll of random uselessness {unknown}
 x - a scroll of vulnerability {unknown}
 z - a scroll of blinking
 C - a scroll of acquirement {unknown}
 D - a scroll of noise {unknown}
 E - a scroll of immolation {unknown}
 K - a scroll of holy word {unknown}
Potions
 b - a potion of lignification {unknown}
 d - a potion of might
 l - 3 potions of mutation
 n - 5 potions of curing {unknown}
 o - a potion of haste {unknown}
 p - 2 potions of flight
 r - 3 potions of heal wounds
 F - 2 potions of resistance {unknown}
 M - a potion of degeneration {unknown}
Comestibles
 c - 4 chunks of flesh
 e - 11 rations


   Skills:
 + Level 10.9 Fighting
 + Level 11.4 Axes
 + Level 10.0 Armour
 + Level 10.0 Shields


You had 10 spell levels left.
You didn't know any spells.
Your spell library contained the following spells:

 Spells                   Type           Power        Failure   Level  Hunger
 Summon Small Mammal      Summ           #...         99%         1    ##.....
 Summon Ice Beast         Ice/Summ       #.......     100%        4    #####..
 Call Imp                 Summ           #.......     99%         2    ###....
 Call Canine Familiar     Summ           #.......     100%        3    ####...
 Summon Lightning Spire   Summ/Air       #.......     100%        4    #####..
 Summon Guardian Golem    Hex/Summ       #.......     100%        3    ####...


Dungeon Overview and Level Annotations

Branches:
Dungeon (9/15)             Temple (0/1) D:6            Lair (1/6) D:8
    Orc: D:9-12

Altars:
Cheibriados
Dithmenos
Kikubaaqudgha
Qazlal
Ru
Uskayaw
Zin

Shops:
D:8 %   D:9 =:

Annotations:
D:1 exclusion: downstairs
D:2 Sigmund
D:9 exclusion: ice statue


Message History

You block the polar bear's attack.
There is an ice choked empty arch of ancient stone, spattered with blood here.
There is an ice covered gate leading back out of this place here.
You block the polar bear's attack. x2; The polar bear closely misses you.
You block the yak's attack. The polar bear barely misses you. x2
The polar bear claws you.
Welcome back to the Lair of Beasts!
There is a collapsed entrance here.
As you read the scroll of fear, it crumbles to dust.
You assume a fearsome visage.
The polar bear looks frightened!
The yak looks frightened!
The polar bear bites you!
* * * LOW HITPOINT WARNING * * *
You block the polar bear's attack. The polar bear claws you.
* * * LOW HITPOINT WARNING * * *
The polar bear bites you!
* * * LOW HITPOINT WARNING * * *
The polar bear claws you but does no damage. x2
You block the polar bear's attack. x3
The polar bear bites you!
You die...

####..>.....................
......................##P###
......#.....!#+#####..####
.(.......≈≈≈≈≈...^..#.##
.....[Y.#####≈.........#
.........%..#≈.>......##
.##.#.≈..%..# ......#.##
...#..#≈..h# ......#..##
≈......≈#≈.@# ..........####
≈...#.≈.≈#..........P.......
≈♣....#≈.≈h.P#.#..##.......
..........................
...............>.########.
.........##.#P## ........
+...... #### ........
#...... ......#. ......#.


You could see 2 polar bears and a yak (fleeing).

Vanquished Creatures
  2 ugly things (D:7)
  Psyche (D:8)
  Joseph (D:7)
  2 rime drakes (Lair:1)
  A troll (D:8)
  A hippogriff (D:8)
  7 yaks
  A wyvern (D:7)
  A vampire (D:9)
  A basilisk (Lair:1)
  A hungry ghost (D:9)
  Duvessa (D:7)
  2 orc warriors (D:7)
  3 sky beasts
  A hornet zombie (D:8)
  3 ice beasts
  3 phantoms
  6 ogres
  11 wolves
  A necrophage (D:5)
  A centaur (D:9)
  A crocodile (D:8)
  A bullfrog (D:7)
  Dowan (D:7)
  2 scorpions
  5 wights (D:7)
  8 electric eels
  A howler monkey (D:7)
  A crimson imp (D:6)
  A bullfrog zombie (D:9)
  6 jellies
  8 hounds
  A gnoll shaman (D:8)
  5 orc wizards
  2 worker ants
  A killer bee zombie (D:5)
  A hound skeleton (D:5)
  4 gnolls (D:5)
  9 adders
  A shadow imp (D:6)
  5 oozes (D:8)
  An adder skeleton (D:4)
  3 worms (D:3)
  An adder simulacrum (D:7)
  2 leopard geckos
  15 orcs
  5 bats
  3 giant cockroaches
  6 goblins
  9 hobgoblins
  10 jackals
  3 quokkas
  3 ball pythons
  4 frilled lizards
  A jackal skeleton (D:4)
  A jackal zombie (D:7)
  2 kobolds
  A leopard gecko skeleton (D:5)
  A quokka skeleton (D:5)
  9 rats
195 creatures vanquished.

Vanquished Creatures (others)
  A fungus (Lair:1)
  A plant (D:3)
2 creatures vanquished.

Grand Total: 197 creatures vanquished

Notes
Turn   | Place    | Note
-------+----------+-------------------------------------------
     0 | D:1      | AllHailThrall the Hill Orc Fighter began the quest for the Orb.
     0 | D:1      | Reached XP level 1. HP: 19/19 MP: 1/1
   146 | D:1      | Reached skill level 3 in Axes
   146 | D:1      | Reached XP level 2. HP: 20/27 MP: 2/2
   914 | D:2      | Reached XP level 3. HP: 33/33 MP: 3/3
  1098 | D:2      | Noticed Sigmund
  1887 | D:3      | Reached XP level 4. HP: 7/40 MP: 4/4
  2451 | D:3      | Found a transporter.
  2517 | D:3      | Found a transporter.
  2991 | D:3      | Reached skill level 4 in Axes
  3138 | D:3      | Reached XP level 5. HP: 32/47 MP: 5/5
  3463 | D:3      | Found a snail-covered altar of Cheibriados.
  3673 | D:3      | Found a stormy altar of Qazlal.
  4243 | D:3      | Found a faded altar of an unknown god.
  4262 | D:3      | Reached skill level 5 in Fighting
  4262 | D:3      | Reached XP level 6. HP: 49/56 MP: 6/6
  4645 | D:4      | Noticed a phantom
  4730 | D:4      | Killed a phantom
  4730 | D:4      | Reached skill level 5 in Axes
  5579 | D:4      | Reached skill level 5 in Armour
  5579 | D:4      | Reached skill level 5 in Shields
  5579 | D:4      | Reached XP level 7. HP: 41/61 MP: 7/7
  6173 | D:5      | Entered Level 5 of the Dungeon
  6569 | D:5      | Found a shadowy altar of Dithmenos.
  6915 | D:5      | Found a hide-covered altar of Uskayaw.
  6967 | D:5      | Found a hide-covered altar of Uskayaw.
  6970 | D:5      | Found an ancient bone altar of Kikubaaqudgha.
  7088 | D:5      | Reached skill level 6 in Axes
  7202 | D:5      | Got a faintly humming ring mail
  7332 | D:6      | Reached XP level 8. HP: 71/71 MP: 8/8
  7724 | D:6      | Found a staircase to the Ecumenical Temple.
  8006 | D:6      | Found a glowing silver altar of Zin.
  8539 | D:7      | Reached skill level 7 in Axes
  9020 | D:7      | Noticed Joseph
  9043 | D:7      | Paralysed by Joseph for 5 turns
  9060 | D:7      | Paralysed by Joseph for 5 turns
  9065 | D:7      | Killed Joseph
  9065 | D:7      | Reached XP level 9. HP: 42/80 MP: 9/9
  9215 | D:7      | Reached skill level 8 in Axes
  9869 | D:7      | Found a shadowy altar of Dithmenos.
 10544 | D:7      | Noticed a brown ugly thing
 10558 | D:7      | Killed a brown ugly thing
 10558 | D:7      | Reached skill level 9 in Axes
 10795 | D:7      | Noticed a purple ugly thing
 10799 | D:7      | Reached XP level 10. HP: 84/91 MP: 10/10
 10812 | D:7      | Killed a purple ugly thing
 10944 | D:7      | Noticed Duvessa
 10944 | D:7      | Noticed Dowan
 11242 | D:8      | Reached skill level 10 in Axes
 11455 | D:7      | Killed Dowan
 11502 | D:7      | Killed Duvessa
 11846 | D:8      | Found a staircase to the Lair.
 11853 | D:8      | Noticed Psyche
 11958 | D:8      | Found Kiabal's Food Emporium.
 12101 | D:8      | Killed Psyche
 12101 | D:8      | Reached skill level 10 in Fighting
 12445 | D:8      | Found a sacrificial altar of Ru.
 12667 | D:8      | Identified the +4 ring mail of Absence {Regen+} (You found it on level 5 of the Dungeon)
 12999 | D:9      | Noticed an ice statue
 13145 | D:9      | HP: 3/93 [something (6)]
 13353 | D:9      | Found Penopuy's Book Boutique.
 13359 | D:9      | Became a worshipper of Beogh the Brigand
 13454 | D:9      | Found Miuxar's Jewellery Shop.
 13459 | D:9      | Bought an uncursed amulet of faith for 640 gold pieces
 13768 | Lair:1   | Entered Level 1 of the Lair of Beasts
 13788 | Lair:1   | Reached XP level 11. HP: 56/101 MP: 11/11
 13789 | Lair:1   | Reached skill level 11 in Axes
 14002 | Lair:1   | Found a frozen archway.
 14037 | IceCv    | Entered an ice cave
 14045 | IceCv    | Reached skill level 10 in Armour
 14045 | IceCv    | Reached skill level 10 in Shields
 14187 | Lair:1   | Slain by a polar bear

Vault maps used:
D:1:      dpeg_arrival_houses_and_road
D:2:      first_ration, uniq_sigmund
D:3:      gammafunk_steamed_eel, lemuel_round_altar,
          chequers_ecumenical_altar_island, nicolae_qazlal_general_emergency
D:5:      grunt_temple_overflow_diamond, lemuel_statue_altar
D:6:      zin_academy, minmay_temple_entry_glass
D:7:      minmay_klotski, nicolae_dithmenos_the_darkroom, uniq_duvessa,
          uniq_joseph
D:8:      overflow_temple_1_default, erik_lair_island, serial_shops, shop,
          hangedman_little_slice_of_home, uniq_psyche
D:9:      serial_shops, kennysheep_little_box, shop, minivault_15, minivault_25
Lair:1:   portal_ice_cave_rime, serial_bayou_pond_e,
          nicolae_quartered_pool_medium
IceCv:    ice_cave_small_giant

Skill      XL: |  1  2  3  4  5  6  7  8  9 10 11 |
---------------+----------------------------------+-----
Axes           | 3 4 5 6 7 9 10 11 | 11.4
Fighting       | 4 5 6 7 9 10 | 10.9
Armour         | 4 5 7 8 9 10 | 10.0
Shields        | 4 5 7 8 9 10 | 10.0

Action                   |  1- 3 |  4- 6 |  7- 9 | 10-12 || total
-------------------------+-------+-------+-------+-------++-------
Melee: War axe           |   147 |   197 |   348 |   300 ||   992
Throw: Stone             |       |    29 |     5 |     1 ||    35
       Javelin           |       |       |       |     3 ||     3
Invok: Convert to Beogh  |       |       |       |     1 ||     1
Evoke: Wand              |       |     5 |     1 |     6 ||    12
  Use: Scroll            |       |       |     9 |     5 ||    14
       Potion            |       |       |       |     2 ||     2
 Stab: Distracted        |       |       |     1 |       ||     1
       Paralysed         |       |       |       |     4 ||     4
  Eat: Chunk             |     2 |    10 |    10 |     5 ||    27
       Ration            |       |     1 |     2 |     3 ||     6
Armor: Scale mail        |    65 |    74 |    15 |       ||   154
       Chain mail        |       |       |   133 |    42 ||   175
       Ring mail         |       |       |       |    77 ||    77
Dodge: Dodged            |    43 |    55 |    59 |    79 ||   236
Block: Shield            |    74 |    97 |   125 |    92 ||   388
       Large shield      |       |       |       |   184 ||   184

Table legend:
 A = Spawn XP
 B = Non-spawn XP
 C = Spawn XP percentage of total XP
 D = Spawn monster count
 E = Non-spawn monster count
 F = Spawn count percentage of total count
 G = Total turns spent on level
                    A         B        C        D         E        F      G
               +---------+---------+-------+---------+---------+-------+---------
         Total |       0 |   12017 |   0.0 |       0 |     195 |   0.0 | 14187
               +---------+---------+-------+---------+---------+-------+---------
           D:1 |       0 |      29 |   0.0 |       0 |      19 |   0.0 |   982
           D:2 |       0 |      46 |   0.0 |       0 |      13 |   0.0 |   611
           D:3 |       0 |     253 |   0.0 |       0 |      28 |   0.0 |  2805
           D:4 |       0 |     457 |   0.0 |       0 |      13 |   0.0 |  1991
           D:5 |       0 |     413 |   0.0 |       0 |      14 |   0.0 |   920
           D:6 |       0 |     502 |   0.0 |       0 |      13 |   0.0 |  1206
           D:7 |       0 |    3620 |   0.0 |       0 |      37 |   0.0 |  2697
           D:8 |       0 |    2679 |   0.0 |       0 |      29 |   0.0 |  1544
           D:9 |       0 |     827 |   0.0 |       0 |      12 |   0.0 |  1012
        Lair:1 |       0 |    2516 |   0.0 |       0 |      12 |   0.0 |   273
         IceCv |       0 |     675 |   0.0 |       0 |       5 |   0.0 |   146
               +---------+---------+-------+---------+---------+-------+---------
